Map: Frost LE

Players

Nameless - Winner!

  • Race: Terran Terran
  • League: Diamond

Ape

  • Race: Protoss Protoss
  • League: Platinum

VOD

Have the link to the VOD?

Description

Time

  • Played on: July 23, 2016, 2:01 a.m.
  • Length: 14:40
Show
View Real Time Build Order
Export as new Build Order

Nameless Terran - Winner!

Build Orders: MMM Bio 

Get SALT Encoding   

  12  0:00  SCV  
  13  0:13  SCV  
  14  0:17  Supply Depot  
  14  0:25  SCV  
  15  0:39  SCV  
  15  0:41  Barracks  
  16  0:51  SCV  
  17  0:59  Supply Depot  
  17  1:08  SCV  
  18  1:20  SCV  
  19  1:30  Marine  
  19  1:31  Command Center  
  20  1:36  SCV  
  21  1:40  Refinery  
  21  1:44  Refinery  
  21  1:52  Marine  
  22  2:01  Orbital Command  
  22  2:13  Barracks  
  22  2:17  Marine  
  23  2:29  SCV  
  24  2:38  Barracks  
  24  2:48  Orbital Command  
  24  2:52  SCV  
  24  3:05  SCV  
  24  3:06  Marine x2  
  27  3:24  Marine  
  27  3:25  Barracks Tech Lab  
  27  3:26  Factory  
  28  3:27  Barracks Reactor  
  28  3:32  SCV x2  
  30  3:42  Marine  
  30  3:44  SCV, Stimpack  
  30  3:48  Engineering Bay  
  32  3:52  SCV  
  32  3:55  Marine  
  34  3:56  SCV  
  34  4:00  Marine  
  36  4:04  SCV  
  36  4:05  Marine x2  
  36  4:09  Factory Tech Lab  
  39  4:11  Starport  
  39  4:13  Marine  
  40  4:20  Missile Turret  
  40  4:24  Missile Turret  
  40  4:26  Marine x3  
  43  4:33  Supply Depot  
  46  4:54  Marine x3  
  47  5:03  Factory Tech Lab  
  47  5:04  Raven  
  49  5:07  Supply Depot  
  49  5:08  Barracks Reactor  
  49  5:10  SCV x2  
  49  5:12  Marine x3  
  53  5:22  SCV  
  54  5:28  Supply Depot  
  54  5:29  SCV, Siege Tank  
  54  5:30  Marine  
  54  5:34  SCV  
  60  5:37  Supply Depot  
  60  5:45  Terran Infantry Weapons Level 1  
  60  5:46  SCV x2  
  60  5:49  Marine x4  
  63  6:04  Marine  
  51  6:07  Marine x4  
  52  6:19  Starport Reactor  
  52  6:21  Marine  
  52  6:25  SCV, Marine x4  
  54  6:26  SCV  
  59  6:36  Combat Shields  
  59  6:39  Marine  
  60  6:43  Marine x3  
  60  6:46  Siege Tank  
  66  6:49  SCV x2  
  68  6:56  Medivac x2  
  72  7:04  Supply Depot  
  72  7:09  Liberator  
  72  7:18  Siege Tank  
  72  7:21  Marine  
  72  7:22  Marine x2  
  78  7:26  Marine x2  
  78  7:29  Supply Depot  
  83  7:36  Medivac  
  85  7:39  Marine  
  86  7:50  Marine x4  
  90  7:57  SCV x2, Marine  
  93  8:02  Supply Depot x2, Terran Infantry Armor Level 1  
  93  8:08  Marine  
  93  8:11  Refinery  
  94  8:14  Refinery  
  94  8:23  SCV x2, Marine x3  
  99  8:27  Missile Turret  
  99  8:28  Missile Turret  
  99  8:30  Marine  
  99  8:31  Marine  
  101  8:35  SCV  
  101  8:36  SCV  
  101  8:41  Marine x3  
  103  8:48  SCV, Marine, Missile Turret  
  82  9:34  Marine  
  82  9:35  Marine x4  
  76  9:52  Marine x4  
  77  9:53  Marine  
  71  10:10  Marine x5  
  75  10:28  Marine x5  
  69  10:32  Barracks x2, Command Center  
  69  10:34  Barracks, Siege Tank  
  69  10:35  Medivac x2  
  80  10:45  Marine  
  80  10:46  Marine x4  
  80  10:48  Liberator x2  
  85  11:03  Marine  
  85  11:04  Marine x4  
  86  11:06  Siege Tank  
  99  11:17  Concussive Shells  
  99  11:18  Barracks Tech Lab  
  99  11:19  Barracks Tech Lab  
  99  11:21  Barracks Reactor, Marine x2  
  99  11:23  Marauder x2, Marine  
  99  11:24  Marine  
  107  11:39  Marine x2  
  109  11:41  Marine  
  109  11:42  Marine  
  109  11:44  Marauder x2  
  113  11:57  Marine  
  114  12:06  Marauder x2  
  106  12:18  Marine  
  106  12:19  Marine x6  
  98  12:41  Marine x5  
  98  12:42  Marine x4  
  100  12:48  Medivac x2  
  104  12:52  Orbital Command  
  104  12:59  Marine x8  
  104  13:03  Marauder  
  114  13:10  Command Center  
  114  13:18  Marauder, Medivac x2  
  120  13:24  Marauder  
  122  13:39  Marauder  
  115  13:48  Medivac x2  
  115  13:58  Marine  
  115  13:59  Marine  
  115  14:00  Marine x3  
  115  14:01  Marine x2  
Show
View Real Time Build Order
Export as new Build Order

Ape Protoss 

Build Orders: 1 Gate Expand 

Get SALT Encoding   

  12  0:01  Probe (Chrono Boost)  
  13  0:12  Probe (Chrono Boost)  
  14  0:17  Pylon  
  14  0:22  Probe (Chrono Boost)  
  15  0:36  Gateway  
  15  0:38  Probe (Chrono Boost)  
  16  0:45  Assimilator  
  16  0:48  Probe (Chrono Boost)  
  17  0:59  Probe (Chrono Boost)  
  18  1:10  Probe (Chrono Boost)  
  19  1:25  Nexus  
  19  1:35  Cybernetics Core  
  19  1:39  Probe (Chrono Boost)  
  20  1:49  Pylon  
  20  1:54  Assimilator  
  20  1:56  Probe (Chrono Boost)  
  21  2:01  Warp Gate  
  22  2:09  Probe (Chrono Boost)  
  24  2:23  Mothership Core (Chrono Boost)  
  24  2:24  Pylon  
  24  2:37  Probe (Chrono Boost)  
  24  2:42  Probe (Chrono Boost)  
  25  2:45  Twilight Council  
  25  2:59  Probe (Chrono Boost)  
  25  3:00  Probe (Chrono Boost)  
  27  3:05  Pylon  
  27  3:08  Pylon  
  27  3:09  Probe (Chrono Boost)  
  27  3:12  Resonating Glaives, Probe (Chrono Boost)  
  29  3:20  Gateway  
  29  3:29  Pylon  
  29  3:36  Robotics Facility  
  29  3:39  Probe (Chrono Boost)  
  29  3:40  Probe (Chrono Boost)  
  31  3:50  Probe (Chrono Boost)  
  31  3:52  Probe (Chrono Boost)  
  31  3:55  Gateway  
  33  4:00  Gateway  
  33  4:02  Probe (Chrono Boost)  
  34  4:09  Probe (Chrono Boost)  
  35  4:19  Gateway  
  35  4:21  Gateway  
  35  4:22  Warp Prism  
  37  4:32  Probe (Chrono Boost)  
  37  4:33  Probe (Chrono Boost)  
  39  4:40  Pylon  
  39  4:46  Adept x2  
  39  4:51  Probe (Chrono Boost)  
  45  4:53  Probe (Chrono Boost)  
  45  4:57  Adept x2  
  49  5:08  Probe (Chrono Boost)  
  49  5:09  Probe (Chrono Boost)  
  51  5:15  Forge  
  51  5:18  Probe (Chrono Boost)  
  53  5:21  Probe (Chrono Boost)  
  53  5:23  Assimilator  
  53  5:25  Assimilator  
  53  5:35  Forge  
  53  5:45  Adept x5  
  53  5:46  Adept  
  49  6:21  Adept x5  
  49  6:22  Adept  
  61  6:27  Gateway  
  61  6:37  Protoss Ground Weapons Level 1  
  61  6:38  Protoss Ground Armor Level 1  
  61  6:39  Blink  
  61  6:41  Probe (Chrono Boost)  
  61  6:43  Probe (Chrono Boost)  
  61  6:46  Photon Cannon  
  63  6:50  Photon Cannon  
  63  6:52  Probe (Chrono Boost)  
  65  6:55  Stalker, Probe (Chrono Boost)  
  65  6:56  Stalker x3  
  73  7:10  Probe (Chrono Boost)  
  73  7:12  Probe (Chrono Boost)  
  73  7:15  Observer  
  76  7:31  Nexus  
  76  7:32  Pylon  
  76  7:33  Pylon  
  76  7:34  Probe (Chrono Boost)  
  76  7:35  Probe (Chrono Boost)  
  76  7:36  Pylon  
  78  7:39  Pylon  
  78  7:45  Probe (Chrono Boost)  
  78  7:47  Probe (Chrono Boost)  
  80  7:53  Immortal  
  84  8:01  Gateway  
  84  8:02  Probe (Chrono Boost)  
  84  8:04  Probe (Chrono Boost)  
  84  8:05  Stalker x2  
  90  8:13  Probe (Chrono Boost)  
  90  8:16  Probe (Chrono Boost)  
  92  8:23  Probe (Chrono Boost), Stalker x4  
  101  8:32  Probe (Chrono Boost)  
  103  8:34  Probe (Chrono Boost)  
  103  8:36  Immortal  
  106  8:47  Adept x3  
  112  8:56  Adept x3  
  86  9:12  Adept x4  
  80  9:25  Adept x3  
  86  9:35  Adept x4  
  92  9:49  Adept x3  
  92  10:03  Stalker x2  
  92  10:27  Stalker x2  
  96  10:30  Pylon  
  96  10:35  Pylon  
  96  10:38  Stalker  
  96  10:42  Pylon  
  98  10:51  Immortal  
  98  10:52  Stalker x3  
  98  10:56  Stalker  
  110  11:02  Photon Cannon  
  110  11:08  Photon Cannon  
  110  11:12  Assimilator  
  110  11:13  Assimilator  
  110  11:15  Stalker x3  
  116  11:25  Pylon  
  116  11:29  Gateway  
  116  11:33  Gateway  
  112  12:01  Stalker x2  
  112  12:02  Stalker x5  
  82  12:30  Stalker x4  
  82  12:31  Stalker x4  
  58  12:53  Stalker x2  
  58  12:54  Stalker x2  
  58  12:58  Immortal  
  70  13:07  Adept x6  
  82  13:22  Stalker  
  82  13:24  Stalker x3  
  78  13:43  Adept x6  
  68  13:51  Adept x3  
  56  13:59  Adept x4  
  54  14:09  Adept x2  
  44  14:10  Adept  
  46  14:18  Adept x2  
Tags
 
Add a new tag
Caveats
  • Supply blocks, unpowered buildings, or Contaminate may cause inaccurate times.
  • Supply counts are checked every 10 seconds.